Map: Neon Violet Square LE

Players

kauP

  • Race: Terran Terran
  • Spawn Location: 11:00

Harstem - Winner!

  • Race: Protoss Protoss
  • Spawn Location: 5:00

Event: WCS Leipzig 2018

VOD

Have the link to the VOD?

Description

Time

  • Played on: Jan. 26, 2018, 7:21 a.m.
  • Length: 9:35

All games in this series

Show
View Real Time Build Order
Export as new Build Order

kauP Terran 

Build Orders: MMM Bio 

Get SALT Encoding   

  12  0:00  SCV  
  13  0:12  SCV  
  14  0:18  Supply Depot  
  14  0:24  SCV  
  15  0:40  SCV, Barracks  
  16  0:46  Refinery  
  16  0:52  SCV  
  17  1:00  Barracks  
  17  1:04  SCV  
  18  1:16  SCV  
  19  1:30  Barracks Reactor  
  19  1:32  Orbital Command  
  19  1:42  Supply Depot  
  19  1:48  Barracks Tech Lab  
  19  1:59  SCV  
  20  2:06  Concussive Shells, Marauder  
  20  2:07  Marine x2  
  24  2:12  SCV  
  25  2:26  SCV  
  26  2:31  Command Center  
  26  2:38  Marine x2  
  26  2:43  SCV  
  29  2:45  Supply Depot  
  29  2:52  Stimpack  
  29  2:55  SCV  
  29  2:57  Marine  
  31  3:07  Supply Depot, Marine  
  31  3:08  SCV  
  33  3:13  Marauder  
  33  3:18  Marine  
  36  3:23  SCV, Refinery  
  37  3:30  Factory  
  37  3:35  SCV  
  37  3:37  Marine x2  
  40  3:45  Orbital Command  
  40  3:48  SCV  
  41  3:55  Engineering Bay  
  41  4:00  SCV  
  41  4:08  Marine x2  
  42  4:15  SCV  
  42  4:17  Marine  
  42  4:26  SCV, Missile Turret  
  42  4:27  SCV  
  44  4:32  Terran Infantry Weapons Level 1  
  44  4:36  Marine x2  
  47  4:38  SCV  
  47  4:42  Starport  
  47  4:44  SCV  
  46  4:53  SCV  
  46  4:56  SCV  
  46  4:58  Marine  
  46  4:59  Marine x2  
  51  5:08  SCV x2  
  51  5:09  Factory Reactor  
  51  5:10  Refinery  
  51  5:13  Supply Depot  
  53  5:16  Marine x3  
  53  5:17  Missile Turret  
  53  5:21  Combat Shields  
  56  5:26  SCV  
  56  5:27  SCV  
  58  5:39  SCV x2  
  58  5:40  Marine x2  
  58  5:41  Marauder  
  63  5:43  Supply Depot  
  63  5:51  SCV x2  
  63  5:52  Medivac  
  63  5:53  Barracks  
  63  5:54  Medivac  
  69  6:03  SCV  
  70  6:06  SCV  
  70  6:07  Factory Reactor  
  70  6:08  Supply Depot  
  70  6:09  Marine x2  
  73  6:15  SCV  
  75  6:18  SCV  
  75  6:19  Supply Depot  
  75  6:22  Missile Turret  
  74  6:27  SCV, Marine x3  
  74  6:31  Medivac x2  
  82  6:37  SCV  
  82  6:39  SCV  
  84  6:45  Marine  
  85  6:48  Command Center, Barracks Tech Lab  
  85  6:50  Terran Infantry Armor Level 1  
  85  6:54  Supply Depot  
  85  6:56  Widow Mine  
  85  6:57  SCV  
  85  6:58  SCV  
  89  7:05  Medivac x2  
  93  7:10  SCV  
  93  7:11  Supply Depot  
  93  7:13  Refinery  
  94  7:16  SCV  
  94  7:20  Starport  
  91  7:27  Marine  
  91  7:28  Marauder x2  
  83  7:37  Missile Turret  
  83  7:38  Missile Turret x2  
  72  7:54  Supply Depot  
  72  7:55  Widow Mine x2  
  72  7:56  Marine x4  
  72  7:57  Supply Depot  
  80  8:03  Orbital Command  
  76  8:06  SCV x2  
  75  8:14  Marine x4  
  75  8:16  Widow Mine  
  47  8:31  Marine  
  47  8:32  Marine x3  
  28  8:46  Medivac  
  30  8:48  Widow Mine  
  30  8:49  Marine x3  
  30  8:50  Marine  
  28  8:56  Widow Mine  
  30  9:07  Marine x2  
  32  9:10  Widow Mine, Marine x2  
Show
View Real Time Build Order
Export as new Build Order

Harstem Protoss - Winner!

Build Orders: 1 Gate Expand, Oracle Opening, Zealot Archon 

Get SALT Encoding   

  12  0:00  Probe  
  13  0:13  Probe  
  14  0:18  Pylon  
  14  0:25  Probe (Chrono Boost)  
  15  0:37  Probe (Chrono Boost), Gateway  
  16  0:45  Probe (Chrono Boost)  
  16  0:46  Assimilator  
  17  0:51  Probe  
  18  1:03  Probe  
  19  1:15  Probe  
  20  1:25  Nexus  
  20  1:37  Cybernetics Core  
  20  1:40  Probe  
  21  1:48  Assimilator  
  21  1:53  Probe  
  22  1:55  Pylon  
  22  2:05  Probe  
  23  2:14  Stalker (Chrono Boost)  
  25  2:18  Probe  
  25  2:22  Stargate  
  26  2:29  Warp Gate  
  26  2:31  Probe  
  27  2:38  Probe  
  27  2:41  Pylon  
  29  2:45  Adept (Chrono Boost)  
  29  2:48  Probe  
  29  2:51  Probe  
  32  3:01  Shield Battery  
  32  3:03  Oracle (Chrono Boost)  
  33  3:10  Adept  
  33  3:12  Probe  
  38  3:14  Probe  
  39  3:24  Probe  
  40  3:27  Gateway  
  40  3:29  Probe  
  40  3:34  Oracle (Chrono Boost)  
  41  3:37  Probe  
  45  3:43  Gateway  
  45  3:45  Probe  
  46  3:49  Pylon  
  46  3:57  Shield Battery  
  46  4:07  Probe x2 (Chrono Boost)  
  48  4:10  Assimilator  
  48  4:19  Probe (Chrono Boost)  
  48  4:23  Probe (Chrono Boost)  
  50  4:25  Probe (Chrono Boost)  
  50  4:30  Probe  
  52  4:32  Nexus  
  52  4:33  Probe, Forge  
  53  4:41  Twilight Council  
  53  4:42  Probe  
  54  4:51  Probe  
  55  4:55  Probe  
  56  5:01  Phoenix, Pylon  
  56  5:03  Probe  
  56  5:06  Charge (Chrono Boost)  
  59  5:12  Protoss Ground Armor Level 1 (Chrono Boost)  
  59  5:14  Gateway  
  59  5:17  Gateway  
  59  5:20  Gateway  
  59  5:22  Gateway  
  59  5:28  Gateway  
  59  5:29  Sentry x2  
  59  5:33  Probe  
  64  5:37  Probe  
  64  5:38  Phoenix (Chrono Boost)  
  64  5:41  Pylon  
  67  5:45  Probe  
  67  5:47  Probe  
  67  5:49  Probe  
  68  5:53  Pylon  
  68  5:56  Phoenix (Chrono Boost)  
  68  5:58  Probe  
  68  5:59  Assimilator  
  68  6:00  Probe  
  72  6:07  Templar Archives  
  72  6:13  Zealot x4  
  72  6:15  Probe  
  72  6:18  Probe, Assimilator  
  82  6:33  Probe  
  82  6:34  Pylon  
  82  6:37  Zealot x5  
  82  6:39  Phoenix (Chrono Boost)  
  93  6:46  High Templar x2, Pylon  
  99  6:51  Pylon, Archon  
  99  6:52  Zealot  
  101  6:57  Zealot x2  
  105  7:05  Zealot x2  
  109  7:08  Zealot  
  109  7:12  Zealot  
  111  7:28  Zealot x7  
  116  7:45  Phoenix (Chrono Boost)  
  116  7:47  Zealot  
  120  7:57  Forge  
  120  8:00  Nexus  
  120  8:02  Probe  
  120  8:03  Probe  
  120  8:04  Pylon  
  122  8:06  Probe  
  105  8:23  Zealot x5  
  105  8:24  Zealot x3  
  113  8:30  Probe  
  113  8:34  Probe  
  113  8:36  Probe  
  113  8:37  Robotics Facility  
  101  8:42  Probe  
  96  8:49  Phoenix (Chrono Boost)  
  96  8:55  Zealot x3  
  104  8:56  Zealot  
  106  9:08  Robotics Facility  
  106  9:09  Probe (Chrono Boost)  
  106  9:12  Phoenix (Chrono Boost)  
  109  9:23  High Templar x8  
  125  9:28  Pylon  
  125  9:30  Assimilator  
  125  9:35  Assimilator  
Tags
 
Add a new tag
Caveats
  • Supply blocks, unpowered buildings, or Contaminate may cause inaccurate times.
  • Supply counts are checked every 10 seconds.